 Dungeon Crawl Stone Soup version 0.32-a0-361-g289a535e89 (webtiles) character file.

Game seed: 7567349085155832729

95 ytrimaz the Chopper (level 4, -4/35 HPs)
             Began as a Coglin Gladiator on Feb 19, 2024.
             Splashed by a jelly's acid (7 damage)
             ... on level 3 of the Dungeon.
             The game lasted 00:01:19 (1586 turns).

ytrimaz the Chopper (Coglin Gladiator)              Turns: 1586, Time: 00:01:19

Health: -4/35      AC: -8    Str: 16    XL:     4   Next: 66%
Magic:  4/4        EV: 12    Int:  8    God:
Gold:   177        SH:  0    Dex: 15    Spells: 3/3 levels left

rFire   . . .        a - +0 war axe {Nefertari}
rCold   + . .        m - +0 flail (heavy) {Karolin}
rNeg    . . .        b - +0 leather armour
rPois   .            c - +0 helmet
rElec   .            (no cloak)
rCorr   .            (no gloves)
SInv    .            (no boots)
Will    .....        (no amulet)
Stlth   +            j - ring of protection from cold
HPRegen 0.25/turn    (no ring)
MPRegen 0.09/turn

%: no passive effects
@: corroded, revved, stiff-legged, very slow
A: off-hand wielding, slow wielding, warmup strikes, warmup strides
a: no special abilities


You were on level 3 of the Dungeon.
You visited 1 branch of the dungeon, and saw 3 of its levels.

You collected 177 gold pieces.


Innate Abilities, Weirdness & Mutations

You can wield a second weapon in your off-hand.
It takes a long time for you to wield or remove held weapons.
Your first few attacks do less damage.
Your first movements take longer.


   Skills:
 + Level 3.5 Fighting
 + Level 4.2 Axes
 - Level 1.7 Throwing
 - Level 2.6 Dodging


You had 3 spell levels left.
You didn't know any spells.
Your spell library was empty.

Inventory:

Hand Weapons
 a - a +0 war axe (weapon) {Nefertari}
 l - a +0 hand axe {Johann}
   (You found it on level 2 of the Dungeon)
 m - a +0 heavy flail (worn) {Karolin}
   (You took it off Terence on level 2 of the Dungeon)
Missiles
 d - 3 throwing nets (quivered)
Armour
 b - a +0 leather armour (worn)
 c - a +0 helmet (worn)
Jewellery
 j - a ring of protection from cold (left grasper)
   (You found it on level 1 of the Dungeon)
Scrolls
 p - a scroll of immolation
Potions
 e - a potion of resistance
 f - 3 potions of might
 h - a potion of magic
 i - a potion of berserk rage
 k - 3 potions of haste
 o - 2 potions of lignification {unknown}

Dungeon Overview and Level Annotations

Branches:
Dungeon (3/15) Zot: 16296

Altars:
#.# #.# # #+# #.# #. #.. #.# .# #.. #.# .# .. #.# S#K

##.##
##+##J##+####...#
#....@....#...#<#
#.ß..ß..ß.#.#...######
#.........#..........#
#####'#####.##.####..#
#............# #..#
#.######..#### #..#
#.# #..# #.†# #.# #.>#
#..# #.# #..# #..#


You could see a jelly, a ball python and a kobold.


Message History

😕 HP[-5]
You take 5 damage, and now have 30/35 hp.
You miss the adder with your +0 war axe.
You barely miss the adder with your +0 heavy flail.
You feel very sick. The adder misses you. The adder bites you. 😮 HP[-6]
You take 6 damage, and now have 24/35 hp.
An adder is nearby!
You closely miss the adder with your +0 war axe.
You hit the adder with your +0 heavy flail.
You feel sick. The adder bites you.
You are more poisoned.
The adder poisons you! The adder closely misses you. 😮 HP[-4]
You take 4 damage, and now have 20/35 hp.
You sock the adder with your +0 heavy flail!
You kill the adder!
You feel sick. 😮 HP[-1]
You take 1 damage, and now have 19/35 hp.
You feel sick.
g - a scroll of identify You see here an adder corpse.
You feel sick. 😨 HP[-3]
You take 3 damage, and now have 16/35 hp.
Unknown command.
You feel sick.
You feel sick.
You feel sick.
You are no longer poisoned.
A giant cockroach comes into view.
Found a stone staircase leading up. 😎 HP[+19]
Your hp is fully restored (35).
A giant cockroach is nearby!
A giant cockroach is nearby!
As you read the scroll of identify, it crumbles to dust.
i - a potion of berserk rage
There is a stone staircase leading up here.
The helpless giant cockroach fails to defend itself.
You hit the giant cockroach with your +0 war axe.
You closely miss the giant cockroach with your +0 heavy flail.
The giant cockroach barely misses you. x2
Unknown command.
You thump the giant cockroach with your +0 heavy flail!
You kill the giant cockroach!
No target in view!
There is a stone staircase leading up here.
Found a stone staircase leading down.
There is a stone staircase leading down here.
A hobgoblin comes into view.
A hobgoblin is nearby!
You closely miss the hobgoblin with your +0 heavy flail.
You barely miss the hobgoblin with your +0 war axe.
The hobgoblin misses you. x2
You hit the hobgoblin with your +0 war axe.
You closely miss the hobgoblin with your +0 heavy flail.
The hobgoblin misses you.
Unknown command.
You hit the hobgoblin with your +0 war axe.
You kill the hobgoblin!
You open the door.
There is an open door here.
As you open the door, it creaks loudly! 2 snakes, a kobold, a bat and a jelly come into view.
The adder hisses angrily.
The jelly quivers.
You hear a shout!
The bat hits you but does no damage.
There are monsters nearby!
There are monsters nearby!
You slash the bat with your +0 war axe!
You kill the bat!
The jelly barely misses you.
You sock the jelly with your +0 heavy flail!
The acid corrodes you!
Your graspers burn!
You hit the jelly with your +0 war axe.
Your graspers burn!
The jelly barely misses you. 😕 HP[-8]
You take 8 damage, and now have 27/35 hp.
MASSIVE DAMAGE!! (PAUSE)
You hit the jelly but do no damage. The acid corrodes you!
Your graspers burn!
You hit the jelly but do no damage.
Your graspers burn!
The jelly barely misses you. The jelly hits you.
You are splashed with acid!
* * * LOW HITPOINT WARNING * * *
You are too injured to fight recklessly! 😨 HP[-17]
You take 17 damage, and now have 10/35 hp.
MASSIVE DAMAGE!! (PAUSE)
You are too injured to fight recklessly!
You hit the jelly but do no damage.
Your graspers burn!
* * * LOW HITPOINT WARNING * * *
You hit the jelly but do no damage. The acid corrodes you!
Your graspers burn!
* * * LOW HITPOINT WARNING * * *
The jelly hits you.
* * * LOW HITPOINT WARNING * * *
You are splashed with acid!
You die...

Skill      XL: |  1  2  3 |
---------------+----------+-----
Fighting       | 3 |  3.5
Axes           | 4 |  4.2
Throwing       | |  1.7
Dodging        | |  2.6

Action                     |  1- 3 |  4- 6 || total
---------------------------+-------+-------++-------
  Melee: War axe           |    49 |    16 ||    65
         Hand axe          |     6 |       ||     6
         Flail             |       |    20 ||    20
    Use: Scroll            |     6 |     3 ||     9
   Stab: Sleeping          |     2 |     1 ||     3
 Armour: Leather armour    |    23 |     9 ||    32
  Dodge: Dodged            |    31 |    17 ||    48

Levels and vault maps discovered:
D:1:      dpeg_arrival_snail, layout_basic, minmay_crystal_room
D:2:      layout_rooms, guppyfry_early_lair_pool, uniq_terence
D:3:      minmay_chambers_of_threes, layout_loops_ring, slow_altar_1, zin_angel,
          lemuel_crystal_altar

Notes
Turn   | Place    | Note
-------+----------+-------------------------------------------
     0 | D:1      | ytrimaz the Coglin Gladiator began the quest for the Orb.
     0 | D:1      | Reached XP level 1. HP: 16/16 MP: 1/1
     0 | D:1      | magus.rc [v1.9.6]
   153 | D:1      | Reached XP level 2. HP: 23/23 MP: 2/2
   644 | D:1      | Reached XP level 3. HP: 25/28 MP: 3/3
   886 | D:2      | Reached skill level 3 in Fighting
   970 | D:2      | Noticed Terence
   977 | D:2      | HP: 6/29 [Terence/+0 heavy flail (15)]
   980 | D:2      | Killed Terence
   981 | D:2      | Reached skill level 4 in Axes
   981 | D:2      | Reached XP level 4. HP: 8/35 MP: 4/4
  1586 | D:3      | HP: 6/35 [acid (3)]
  1586 | D:3      | Splashed by a jelly's acid

Vanquished Creatures
  Terence (D:2)
  2 adders
  3 dart slugs
  A ribbon worm (D:3)
  An endoplasm (D:2)
  3 giant cockroaches
  2 goblins
  5 hobgoblins
  A ball python (D:2)
  A bat (D:3)
  4 frilled lizards
  A kobold (D:1)
  4 rats
29 creatures vanquished.

Table legend:
 A = Non-vault XP
 B = Vault XP
 C = Vault XP percentage of total XP
 D = Non-vault monster count
 E = Vault monster count
 F = Vault count percentage of total count
                 A         B        C        D         E       F
            +---------+---------+-------+---------+---------+-------
      Total |     102 |      35 |  25.5 |      27 |       2 |   6.9
            +---------+---------+-------+---------+---------+-------
        D:1 |      35 |       0 |   0.0 |      12 |       0 |   0.0
        D:2 |      41 |      33 |  44.6 |      11 |       1 |   8.3
        D:3 |      26 |       2 |   7.1 |       4 |       1 |  20.0
            +---------+---------+-------+---------+---------+-------

Skill      XL: |  1  2  3 |
---------------+----------+-----
Fighting       | 3 |  3.5
Axes           | 4 |  4.2
Throwing       | |  1.7
Dodging        | |  2.6

Action                     |  1- 3 |  4- 6 || total
---------------------------+-------+-------++-------
  Melee: War axe           |    49 |    16 ||    65
         Hand axe          |     6 |       ||     6
         Flail             |       |    20 ||    20
    Use: Scroll            |     6 |     3 ||     9
   Stab: Sleeping          |     2 |     1 ||     3
 Armour: Leather armour    |    23 |     9 ||    32
  Dodge: Dodged            |    31 |    17 ||    48

Illustrated notes

Table legend:
 A = Kills in this place as a percentage of kills in the entire game.
 B = Kills by you in this place as a percentage of kills by you in the entire game.
 C = Kills by friends in this place as a percentage of kills by friends in the entire game.
 D = Other kills in this place as a percentage of other kills in the entire game.
 E = Experience gained in this place as a percentage of experience gained in the entire game.
 F = Experience gained in this place divided by the number of levels of this place that you have seen.
                   A       B       C       D       E      F
               +-------+-------+-------+-------+-------+----------------------
         Total | 100.0 | 100.0 |   N/A |   N/A | 100.0 |  45.7
       Dungeon | 100.0 | 100.0 |   N/A |   N/A | 100.0 |  45.7
               +-------+-------+-------+-------+-------+----------------------

Table legend: (Time is in decaauts)
 A = Elapsed time spent in this place.
 B = Non-inter-level travel time spent in this place.
 C = Inter-level travel time spent in this place.
 D = Time resting spent in this place.
 E = Time spent auto-exploring this place.
 F = Levels seen in this place.
 G = Mean time per level.
                   A        B        C        D        E       F      G
               +--------+--------+--------+--------+--------+-----+--------+
         Total |   1702 |   1660 |     42 |      0 |   1346 |   3 |  567.3 |
       Dungeon |   1702 |   1660 |     42 |      0 |   1346 |   3 |  567.3 |
               +--------+--------+--------+--------+--------+-----+--------+

Top non-repeatable levels by time:
     D:1: 842 daAuts
     D:2: 634 daAuts
     D:3: 226 daAuts
